 Dungeon Crawl Stone Soup version 0.26-a0-597-gb535b09 (webtiles) character file.

Game seed: 10927066832727859836

56 smeego the Skirmisher (level 3, -3/26 HPs)
             Began as an Octopode Fighter on Aug 27, 2020.
             Slain by a phantom (9 damage)
             ... on level 2 of the Dungeon.
             The game lasted 00:01:44 (1465 turns).

smeego the Skirmisher (Octopode Fighter)            Turns: 1465, Time: 00:01:45

Health: -3/26      AC:  1    Str: 16    XL:     3   Next: 97%
Magic:  3/3        EV: 11    Int: 10    God:
Gold:   109        SH:  8    Dex: 11    Spells: 2/2 levels left

rFire    . . .     SeeInvis .   a - +0 long sword
rCold    . . .     Faith    .   b - +0 kite shield
rNeg     . . .     Spirit   .   (helmet restricted)
rPois    .         Reflect  .   (no amulet)
rElec    .         Harm     .   (no ring)
rCorr    .                      (no ring)
MR       .....                  (no ring)
Stlth    +++.......             (no ring)
HPRegen  0.08/turn              (no ring)
MPRegen  0.08/turn              (no ring)
                                (no ring)
                                (no ring)

@: brilliant
A: almost no armour, stealthy swim, amphibious, 8 rings, constrict 8, camouflage
1, gelatinous body 1
a: no special abilities


You were on level 2 of the Dungeon.
You visited 1 branch of the dungeon, and saw 2 of its levels.

You collected 109 gold pieces.

Inventory:

Hand Weapons
 a - a +0 long sword (weapon)
 l - a +4 dagger
 s - a cursed -2 dagger
Armour
 b - a +0 kite shield (worn)
Jewellery
 k - a +6 ring of strength {unknown}
Scrolls
 e - a scroll of fog {unknown}
 g - a scroll of teleportation {unknown}
 h - a scroll of magic mapping {unknown}
 i - a scroll of identify {unknown}
 j - 2 scrolls of remove curse {unknown}
 r - a scroll of random uselessness {unknown}
Potions
 c - 2 potions of might
 d - a potion of mutation {unknown}
 f - a potion of curing {unknown}
 n - a potion of flight
 p - a potion of brilliance


   Skills:
 + Level 3.3 Fighting
 * Level 2.9 Long Blades
 + Level 3.2 Dodging
 + Level 1.4 Stealth
 + Level 3.2 Shields
 + Level 1.0 Unarmed Combat


You had 2 spell levels left.
You didn't know any spells.
Your spell library was empty.

Dungeon Overview and Level Annotations

Branches:
Dungeon (2/15)

Altars:


Innate Abilities, Weirdness & Mutations

You cannot wear most types of armour.
You are very stealthy in the water. (Stealth+)
You are amphibious.
You can wear up to eight rings at the same time.
You can use your tentacles to constrict eight enemies at once.
Your skin changes colour to match your surroundings (Stealth+).
Your rubbery body absorbs attacks. (AC +1, EV +1)


Message History

You block the phantom's attack. The phantom closely misses you.
You barely miss the phantom. Your squeeze misses the phantom.
The phantom is severely damaged.
The phantom hits you.
The phantom blinks!
You are too injured to fight recklessly!
You are too injured to fight recklessly!
Unknown command.
You are too injured to fight recklessly!
You are too injured to fight recklessly!
You are too injured to fight recklessly!
You are too injured to fight recklessly!
You are too injured to fight recklessly!
You are too injured to fight recklessly!
Unknown command.
The phantom hits you.
* * * LOW HITPOINT WARNING * * *
Your shield prevents you from hitting the phantom.
The phantom is severely damaged.
The phantom hits you!
You die...

##.#.#...# #.. #<...
#......#####..###
#.#.
##.#............#
#...
#.###.#####..#.#
#.####. #.# #.#
....... ....... #.#
#.# .....# ###.
#.###.###.#..#.## #.
##.....W......... #.
##.#...@....#. #.
#.##...........
.#####. #.
#.###...#.#.#.......
#K #.......#
......#. #.
#$.##..... ........
#.#.... .....#
#.##.##.
#.##..####.#.#
#....... .... .#.#
#.##.#.. .....
#.......


You could see a phantom.

Vanquished Creatures
  An adder (D:2)
  2 worms (D:2)
  4 giant cockroaches (D:1)
  5 goblins
  5 hobgoblins
  4 kobolds
  2 quokkas (D:2)
  A ball python (D:1)
  6 bats
  5 frilled lizards
  5 rats
40 creatures vanquished.

Notes
Turn   | Place    | Note
-------+----------+-------------------------------------------
     0 | D:1      | smeego the Octopode Fighter began the quest for the Orb.
     0 | D:1      | Reached XP level 1. HP: 16/16 MP: 1/1
   141 | D:1      | Reached XP level 2. HP: 21/21 MP: 2/2
   496 | D:1      | Reached skill level 1 in Stealth
   496 | D:1      | Reached XP level 3. HP: 26/26 MP: 3/3
  1372 | D:2      | Noticed a phantom
  1415 | D:2      | Reached skill level 1 in Unarmed Combat
  1465 | D:2      | Slain by a phantom

Illustrated notes

Levels and vault maps discovered:
D:1:      dpeg_arrival_round_a, layout_basic, minmay_vboxes
D:2:      layout_basic

Skill      XL: |  1  2  3 |
---------------+----------+-----
Stealth        | 1 |  1.4
Unarmed Combat | 1 |  1.0
Fighting       | |  3.3
Long Blades    | |  2.9
Dodging        | |  3.2
Shields        | |  3.2

Action                   || total
-------------------------++-------
Melee: Long sword        ||    84
       Constrict         ||    24
       Tentacles         ||    10
  Use: Potion            ||     5
 Stab: Sleeping          ||     8
Armor: Skin              ||     4
Dodge: Dodged            ||    42
Block: Kite shield       ||    37
       Rpst.: Long sword ||    12

Table legend: (Time is in decaauts)
 A = Elapsed time spent in this place.
 B = Non-inter-level travel time spent in this place.
 C = Inter-level travel time spent in this place.
 D = Time resting spent in this place.
 E = Time spent auto-exploring this place.
 F = Levels seen in this place.
 G = Mean time per level.
                   A        B        C        D        E       F      G
               +--------+--------+--------+--------+--------+-----+--------+
         Total |   1492 |   1363 |    129 |      0 |   1051 |   2 |  746.0 |
       Dungeon |   1492 |   1363 |    129 |      0 |   1051 |   2 |  746.0 |
               +--------+--------+--------+--------+--------+-----+--------+

Top non-repeatable levels by time:
     D:1: 1071 daAuts
     D:2: 421 daAuts
